[ AOE2 MATCH · #494289233 ]
UnrankedDravidians vs Malians
Rival team · LOSS
[ REPLAY ANALYSIS · EXTRACTED FROM THE RECORDED GAME ]
Feudal
9:08
Castle
31:43
Imperial
—
| APM avg | 57.6 |
| APM peak | 116 |
| eAPM avg | 26.1 |
| Villagers / military | 101 / 105 |
Focus
⚔️ 33.1% · 🌾 66.9%
Skirmisher ×43 · Elephant Archer ×24 · Scout Cavalry ×19 · Battle Elephant ×8 · Armored Elephant ×5 · Monk ×4
Feudal
8:53
Castle
31:54
Imperial
—
| APM avg | 33.2 |
| APM peak | 50 |
| eAPM avg | 16.5 |
| Villagers / military | 59 / 64 |
Focus
⚔️ 31.9% · 🌾 68.1%
Archer ×15 · Spearman ×13 · Monk ×12 · Skirmisher ×8 · Mangonel ×7 · Militia ×4
Match map
Initial resources + every placement click. Lines = walls · curves = elevation contours. ◆ gold · ⬟ stone · ● berries · ✦ relic · ◌ wall gap
Your base· ✓ Map-separated
Kanete's base· ✓ Map-separated
Smoothed initial terrain · ◌ = detected wall gap · hover for details
Inputs per minute
— [KYS] CaptainJesus - - Kanete
Build order — [KYS] CaptainJesus
First 150 of 326 actions detected
| 0:00 | Create | Villager (Male) |
| 0:01 | Create | Villager (Male) |
| 0:02 | Build | House |
| 0:03 | Build | House |
| 0:18 | Create | Villager (Male) |
| 0:18 | Create | Villager (Male) |
| 1:57 | Create | Villager (Male) |
| 2:11 | Create | Villager (Male) |
| 2:15 | Create | Villager (Male) |
| 2:23 | Build | Lumber Camp |
| 2:44 | Create | Villager (Male) |
| 3:08 | Create | Villager (Male) |
| 3:56 | Create | Villager (Male) |
| 3:59 | Build | House |
| 4:18 | Create | Villager (Male) |
| 4:42 | Create | Villager (Male) |
| 4:55 | Create | Villager (Male) |
| 5:27 | Build | Mill |
| 5:33 | Create | Villager (Male) |
| 6:01 | Create | Villager (Male) |
| 6:26 | Build | House |
| 6:27 | Build | House |
| 6:30 | Create | Villager (Male) |
| 6:34 | Research | Loom |
| 6:57 | Research | Feudal Age |
| 8:12 | Build | Barracks |
| 8:22 | Create | Villager (Male) |
| 9:08 | Age | Feudal Age |
| 9:12 | Build | Stable |
| 9:16 | Research | Double-Bit Axe |
| 9:18 | Create | Villager (Male) |
| 9:29 | Research | Loom |
| 9:54 | Create | Scout Cavalry |
| 10:04 | Build | House |
| 10:06 | Build | House |
| 10:19 | Create | Scout Cavalry |
| 10:20 | Create | Villager (Male) |
| 10:26 | Create | Villager (Male) |
| 10:30 | Build | Blacksmith |
| 10:32 | Build | House |
| 10:32 | Build | House |
| 10:54 | Build | Archery Range |
| 11:01 | Create | Villager (Male) |
| 11:12 | Create | Scout Cavalry |
| 11:26 | Create | Scout Cavalry |
| 11:28 | Research | Scale Barding Armor |
| 11:40 | Create | Villager (Male) |
| 11:47 | Build | Lumber Camp |
| 12:10 | Create | Villager (Male) |
| 12:25 | Create | Villager (Male) |
| 12:39 | Create | Villager (Male) |
| 12:55 | Build | Lumber Camp |
| 13:13 | Create | Villager (Male) |
| 13:14 | Create | Scout Cavalry |
| 13:20 | Create | Villager (Male) |
| 13:37 | Create | Villager (Male) |
| 13:40 | Build | Farm |
| 13:40 | Build | Farm |
| 13:40 | Build | Farm |
| 13:40 | Build | Farm |
| 13:47 | Create | Skirmisher |
| 14:11 | Create | Villager (Male) |
| 14:12 | Create | Skirmisher |
| 14:21 | Build | Farm |
| 14:23 | Build | Farm |
| 14:33 | Create | Skirmisher |
| 14:34 | Create | Villager (Male) |
| 14:56 | Create | Scout Cavalry |
| 15:05 | Build | Mining Camp |
| 15:09 | Create | Skirmisher |
| 15:20 | Create | Villager (Male) |
| 15:30 | Create | Skirmisher |
| 15:32 | Create | Villager (Male) |
| 15:39 | Create | Skirmisher |
| 15:56 | Research | Fletching |
| 16:15 | Build | Lumber Camp |
| 16:22 | Create | Skirmisher |
| 16:23 | Create | Scout Cavalry |
| 16:26 | Build | Farm |
| 16:43 | Create | Villager (Male) |
| 17:07 | Create | Villager (Male) |
| 17:19 | Create | Scout Cavalry |
| 17:26 | Build | Mining Camp |
| 17:40 | Create | Villager (Male) |
| 18:28 | Create | Villager (Male) |
| 18:29 | Create | Scout Cavalry |
| 18:32 | Research | Padded Archer Armor |
| 18:38 | Build | Watch Tower |
| 18:47 | Build | Farm |
| 18:47 | Build | Farm |
| 18:48 | Build | Farm |
| 18:56 | Create | Villager (Male) |
| 19:55 | Build | Lumber Camp |
| 20:05 | Create | Villager (Male) |
| 20:10 | Build | House |
| 20:11 | Build | House |
| 20:21 | Create | Villager (Male) |
| 20:26 | Build | Watch Tower |
| 20:33 | Create | Villager (Male) |
| 20:57 | Create | Scout Cavalry |
| 21:07 | Build | Farm |
| 21:09 | Build | Farm |
| 21:09 | Build | Farm |
| 21:17 | Create | Skirmisher |
| 21:18 | Create | Villager (Male) |
| 21:26 | Build | Archery Range |
| 21:30 | Create | Skirmisher |
| 21:40 | Create | Skirmisher |
| 21:44 | Create | Scout Cavalry |
| 21:48 | Build | Farm |
| 21:50 | Build | Farm |
| 21:52 | Create | Villager (Male) |
| 22:16 | Build | Farm |
| 22:16 | Build | Farm |
| 22:17 | Build | Farm |
| 22:23 | Create | Skirmisher |
| 22:25 | Build | House |
| 22:28 | Create | Villager (Male) |
| 22:32 | Create | Skirmisher |
| 22:41 | Create | Skirmisher |
| 22:55 | Build | Watch Tower |
| 23:10 | Create | Skirmisher |
| 23:12 | Create | Villager (Male) |
| 23:28 | Create | Archer |
| 23:29 | Create | Villager (Male) |
| 23:47 | Create | Scout Cavalry |
| 23:57 | Create | Scout Cavalry |
| 23:59 | Create | Villager (Male) |
| 24:01 | Build | Farm |
| 24:01 | Build | Farm |
| 24:01 | Build | Farm |
| 24:10 | Create | Villager (Male) |
| 24:27 | Create | Scout Cavalry |
| 24:36 | Build | Mill |
| 24:46 | Create | Scout Cavalry |
| 24:50 | Create | Villager (Male) |
| 24:52 | Create | Skirmisher |
| 24:52 | Create | Skirmisher |
| 25:22 | Create | Scout Cavalry |
| 25:23 | Create | Villager (Male) |
| 25:24 | Create | Skirmisher |
| 25:35 | Create | Archer |
| 25:45 | Create | Villager (Male) |
| 25:58 | Create | Scout Cavalry |
| 26:00 | Create | Villager (Male) |
| 26:14 | Create | Skirmisher |
| 26:14 | Create | Skirmisher |
| 26:24 | Create | Skirmisher |
| 26:35 | Create | Villager (Male) |
| 26:37 | Create | Villager (Male) |
Build order — Kanete
First 150 of 188 actions detected
| 0:01 | Create | Villager (Male) |
| 0:02 | Create | Villager (Male) |
| 0:02 | Create | Villager (Male) |
| 0:02 | Create | Villager (Male) |
| 0:04 | Build | House |
| 0:05 | Build | House |
| 1:36 | Create | Villager (Male) |
| 1:58 | Build | Lumber Camp |
| 2:04 | Create | Villager (Male) |
| 2:27 | Create | Villager (Male) |
| 2:30 | Create | Villager (Male) |
| 3:10 | Create | Villager (Male) |
| 3:33 | Build | House |
| 3:46 | Create | Villager (Male) |
| 4:06 | Create | Villager (Male) |
| 4:27 | Create | Villager (Male) |
| 4:57 | Create | Villager (Male) |
| 5:08 | Build | Barracks |
| 5:28 | Create | Villager (Male) |
| 5:32 | Build | House |
| 5:42 | Create | Villager (Male) |
| 5:43 | Research | Loom |
| 6:32 | Build | Mining Camp |
| 6:40 | Research | Feudal Age |
| 6:57 | Create | Militia |
| 7:14 | Create | Militia |
| 7:40 | Create | Militia |
| 7:53 | Build | House |
| 8:01 | Create | Militia |
| 8:53 | Age | Feudal Age |
| 8:54 | Create | Villager (Male) |
| 8:59 | Build | Archery Range |
| 9:02 | Research | Man-at-Arms (upgrade) |
| 9:06 | Research | Double-Bit Axe |
| 9:34 | Create | Villager (Male) |
| 9:46 | Create | Archer |
| 10:07 | Build | Mill |
| 10:09 | Create | Archer |
| 10:10 | Create | Villager (Male) |
| 10:49 | Create | Villager (Male) |
| 10:52 | Create | Archer |
| 11:18 | Create | Archer |
| 11:31 | Create | Villager (Male) |
| 11:34 | Build | House |
| 11:37 | Build | Blacksmith |
| 11:48 | Create | Spearman |
| 11:48 | Create | Spearman |
| 12:20 | Create | Villager (Male) |
| 12:25 | Create | Spearman |
| 12:41 | Create | Spearman |
| 13:28 | Build | House |
| 13:45 | Build | Palisade Wall |
| 13:45 | Build | Palisade Wall |
| 13:47 | Build | Palisade Wall |
| 13:48 | Build | Palisade Wall |
| 13:48 | Build | Palisade Wall |
| 13:56 | Create | Archer |
| 14:14 | Create | Villager (Male) |
| 14:49 | Research | Fletching |
| 15:13 | Build | Farm |
| 15:20 | Create | Spearman |
| 15:20 | Create | Villager (Male) |
| 15:23 | Build | Farm |
| 15:25 | Build | Farm |
| 15:43 | Create | Skirmisher |
| 15:47 | Build | Farm |
| 16:15 | Research | Padded Archer Armor |
| 16:26 | Create | Villager (Male) |
| 16:45 | Build | Watch Tower |
| 17:05 | Build | House |
| 17:09 | Create | Skirmisher |
| 17:09 | Create | Skirmisher |
| 17:25 | Create | Villager (Male) |
| 17:26 | Create | Villager (Male) |
| 17:44 | Build | Farm |
| 18:38 | Create | Skirmisher |
| 19:01 | Create | Spearman |
| 20:05 | Create | Villager (Male) |
| 20:32 | Create | Villager (Male) |
| 20:47 | Create | Villager (Male) |
| 20:50 | Build | Farm |
| 20:51 | Build | Farm |
| 21:15 | Create | Villager (Male) |
| 21:15 | Create | Villager (Male) |
| 21:17 | Build | Farm |
| 21:27 | Create | Villager (Male) |
| 21:29 | Build | Lumber Camp |
| 21:42 | Build | Farm |
| 21:53 | Create | Villager (Male) |
| 22:05 | Research | Wheelbarrow |
| 22:07 | Build | Mining Camp |
| 22:10 | Create | Archer |
| 22:16 | Create | Spearman |
| 22:56 | Create | Villager (Male) |
| 23:05 | Build | Mill |
| 23:19 | Create | Archer |
| 23:20 | Create | Spearman |
| 23:43 | Create | Spearman |
| 23:58 | Create | Villager (Male) |
| 24:07 | Build | Lumber Camp |
| 24:14 | Create | Spearman |
| 24:23 | Create | Archer |
| 24:28 | Create | Villager (Male) |
| 24:51 | Build | Archery Range |
| 25:01 | Create | Villager (Male) |
| 25:09 | Create | Villager (Male) |
| 25:14 | Create | Archer |
| 25:34 | Create | Archer |
| 25:45 | Create | Villager (Male) |
| 25:53 | Create | Archer |
| 25:54 | Create | Archer |
| 26:12 | Create | Villager (Male) |
| 26:24 | Create | Archer |
| 26:36 | Create | Skirmisher |
| 26:49 | Create | Villager (Male) |
| 26:49 | Create | Villager (Male) |
| 27:02 | Create | Villager (Male) |
| 27:16 | Create | Spearman |
| 27:33 | Create | Spearman |
| 27:44 | Create | Spearman |
| 27:47 | Create | Villager (Male) |
| 27:51 | Build | House |
| 27:56 | Build | Market |
| 28:14 | Create | Archer |
| 28:15 | Create | Archer |
| 28:50 | Create | Skirmisher |
| 29:01 | Create | Villager (Male) |
| 29:14 | Research | Castle Age |
| 29:33 | Create | Skirmisher |
| 29:34 | Create | Skirmisher |
| 29:34 | Create | Villager (Male) |
| 29:43 | Build | Stable |
| 29:58 | Build | Farm |
| 30:25 | Create | Scout Cavalry |
| 30:37 | Research | Forging |
| 31:19 | Create | Scout Cavalry |
| 31:32 | Build | Farm |
| 31:54 | Build | Watch Tower |
| 31:54 | Age | Castle Age |
| 31:57 | Create | Knight |
| 32:49 | Build | Farm |
| 32:56 | Create | Knight |
| 33:08 | Create | Villager (Male) |
| 33:20 | Create | Villager (Male) |
| 33:33 | Build | Town Center |
| 33:38 | Build | Monastery |
| 33:55 | Create | Villager (Male) |
| 34:44 | Create | Monk |
| 34:55 | Build | House |
| 35:00 | Build | House |
Match timeline
| 5:08 | Kanete · first_building Barracks |
| 8:12 | [KYS] CaptainJesus · first_building Barracks |
| 8:53 | Kanete · age_up feudal |
| 8:59 | Kanete · first_building Archery Range |
| 9:08 | [KYS] CaptainJesus · age_up feudal |
| 9:12 | [KYS] CaptainJesus · first_building Stable |
| 10:54 | [KYS] CaptainJesus · first_building Archery Range |
| 13:45 | Kanete · wall_segment Palisade Wall x1 |
| 13:45 | Kanete · wall_segment Palisade Wall x1 |
| 13:47 | Kanete · wall_segment Palisade Wall x1 |
| 13:48 | Kanete · wall_segment Palisade Wall x1 |
| 13:48 | Kanete · wall_segment Palisade Wall x1 |
| 29:01 | [KYS] CaptainJesus · first_market_buy 100 food |
| 29:07 | Kanete · first_market_sell 500 stone |
| 29:08 | Kanete · first_market_buy 100 food |
| 29:43 | Kanete · first_building Stable |
| 31:43 | [KYS] CaptainJesus · age_up castle |
| 31:54 | Kanete · age_up castle |
| 33:01 | [KYS] CaptainJesus · first_building Monastery |
| 33:37 | [KYS] CaptainJesus · first_market_sell 100 stone |
| 33:38 | Kanete · first_building Monastery |
| 34:43 | [KYS] CaptainJesus · first_building Siege Workshop |
| 37:55 | Kanete · first_building Siege Workshop |
| 41:22 | Kanete · first_building Castle |
| 41:32 | [KYS] CaptainJesus · first_building Castle |
| 47:44 | Kanete · resign |
[ AI ANALYSIS · 1 CREDIT ]
What really happened in this match?
Wolo.gg analyzes every decision: build order, eco, micro, common mistakes by bracket. Personalized analysis on WhatsApp or Discord in 30 seconds.
Civ guide
Dravidians
Perfil
[KYS] CaptainJesus